 Dungeon Crawl Stone Soup version 0.31-a0-1576-ga3383bade6 (webtiles) character file.

Game seed: 14855406046392030980

1680 grandjackal the Trooper (level 8, 0/65 HPs)
             Began as a Demonspawn Gladiator on Jan 4, 2024.
             Was a Follower of Kikubaaqudgha.
             Slain by a gnoll sergeant
             ... wielding a +9 trident
              (10 damage)
             ... on level 6 of the Dungeon.
             The game lasted 00:07:19 (4190 turns).

grandjackal the Trooper (Demonspawn Gladiator)      Turns: 4190, Time: 00:07:20

Health: 0/65       AC:  6    Str: 17    XL:     8   Next: 71%
Magic:  8/8        EV: 12    Int: 10    God:    Kikubaaqudgha [*.....]
Gold:   29         SH:  0    Dex: 15    Spells: 6/7 levels left

rFire   . . .        h - +2 hand axe (distort)
rCold   . . .        (no shield)
rNeg    + + .        i - +0 ring mail
rPois   .            (helmet restricted)
rElec   .            (no cloak)
rCorr   .            b - +0 pair of gloves
SInv    +            (no boots)
Will    .....        u - amulet of regeneration
Stlth   +            o - ring of Duhoyrr {rN++ SInv}
HPRegen 1.10/turn    (no ring)
MPRegen 0.11/turn

%: no passive effects
@: no status effects
A: antennae 2, demonic guardian 1, big brain 1, demonic magic 2
a: Renounce Religion, Unearth Wretches


You were on level 6 of the Dungeon.
You worshipped Kikubaaqudgha.
Kikubaaqudgha was aware of your devotion.
You visited 2 branches of the dungeon, and saw 7 of its levels.

You collected 322 gold pieces.
You spent 293 gold pieces at shops.

Inventory:

Hand Weapons
 a - a +0 war axe
 h - a +2 hand axe of distortion (weapon)
Missiles
 d - 6 throwing nets (quivered)
 e - a javelin
Armour
 b - a +0 pair of gloves (worn)
 i - a +0 ring mail (worn)
Jewellery
 o - the ring of Duhoyrr (left hand) {rN++ SInv}
   (You found it on level 3 of the Dungeon)

   [ring of see invisible]

   rN++:      It greatly protects you from negative energy.
   SInv:      It lets you see invisible.
 u - an amulet of regeneration (around neck)
Scrolls
 c - 7 scrolls of identify {unknown}
 k - 2 scrolls of poison {unknown}
 m - a scroll of amnesia {unknown}
 n - 8 scrolls of teleportation
 p - 3 scrolls of blinking
 q - a scroll of torment {unknown}
 t - a scroll of fear {unknown}
 v - a scroll of enchant armour {unknown}
 x - a scroll of immolation {unknown}
 y - a scroll of vulnerability
Potions
 f - 3 potions of heal wounds {unknown}
 g - 3 potions of curing
 j - 2 potions of mutation {unknown}
 l - 2 potions of brilliance {unknown}
 r - a potion of ambrosia {unknown}
 s - 4 potions of attraction {unknown}
 z - 2 potions of enlightenment {unknown}


   Skills:
 + Level 6.5 Fighting
 + Level 6.2 Axes
 - Level 2.0 Throwing
 - Level 3.5 Armour
 - Level 3.0 Dodging
 + Level 5.4 Necromancy


You had 6 spell levels left.
You knew the following spells:

 Your Spells              Type           Power      Damage    Failure   Level
a - Kiss of Death         Conj/Necr      20%        2d7       22%         1

Your spell library contained the following spells:

 Spells                   Type           Power      Damage    Failure   Level
 Sublimation of Blood     Necr           10%        N/A       11%         2
 Fugue of the Fallen      Necr           10%        N/A       22%         3
 Cigotuvi's Dreadful Rot  Necr/Alch/Air  6%         N/A       45%         2
 Apportation              Tloc           0%         N/A       56%         1
 Shock                    Conj/Air       0%         1d3       56%         1
 Jinxbite                 Hex            0%         N/A       71%         2
 Lesser Beckoning         Tloc           0%         N/A       71%         2
 Gell's Gravitas          Tloc           0%         N/A       90%         3
 Teleport Other           Tloc           0%         N/A       90%         3
 Alistair's Intoxication  Alch           0%         N/A       100%        5


Dungeon Overview and Level Annotations

Branches:
Dungeon (6/15)             Temple (1/1) D:4

Altars:
Ashenzari
Cheibriados
Dithmenos
Gozag
Hepliaklqana
Kikubaaqudgha
Nemelex Xobeh
Okawaru
Qazlal
Ru
Uskayaw
Vehumet
Wu Jian
Xom
Yredelemnul

Shops:
D:6 *(?


Innate Abilities, Weirdness & Mutations

You have a pair of antennae on your head.
A weak demonic guardian rushes to your aid.
You have an unusually large brain. (Int +2)
Spells you cast may paralyse nearby enemies.


Message History

The gnoll sergeant is no longer moving quickly.
The gnoll sergeant hits you with a +9 trident!
The gnoll sergeant blocks your attack.
The gnoll sergeant is heavily wounded.
You barely miss the gnoll.
The gnoll sergeant hits you with a +9 trident.
The gnoll hits you but does no damage.
Unknown command.
You completely miss the gnoll sergeant.
The gnoll sergeant is heavily wounded.
You hit the gnoll.
The gnoll is devoured by a tear in reality.
The gnoll sergeant barely misses you.
Unknown command.
The gnoll sergeant blocks your attack.
The gnoll sergeant is heavily wounded.
The gnoll sergeant hits you with a +9 trident!
The gnoll throws a throwing net.
The throwing net hits you.
You become entangled in the net!
Unknown command.
You are too injured to fight recklessly!
Unknown command.
You are too injured to fight recklessly!
Unknown command.
You are too injured to fight recklessly!
Unknown command.
You are too injured to fight recklessly!
You tear a large gash into the net.
Unknown command.
You struggle against the net.
The gnoll hits you but does no damage.
The gnoll sergeant hits you with a +9 trident!
* * * LOW HITPOINT WARNING * * *
A demonic guardian appears!
Unknown command.
You rip the net and break free!
The gnoll hits you.
* * * LOW HITPOINT WARNING * * *
The gnoll barely misses you.
The gnoll sergeant hits you with a +9 trident!
You die...
Kikubaaqudgha rasps: "You have failed me!
Welcome... death!"

.. ....≈.# $. .... #...≈.## ...
....##...≈..##
#...#....#.......##.
..#.#....g.g....... ....
#.....g.....# ##.. #..g≈......##
...#.#.###...≈≈g.....##
.....5.@#.##..≈≈≈[....##
......gggg).....≈≈(...()
.......§.#.......≈≈≈≈≈≈≈
.........##.............
...#.#..###.............
#...........................#
#.........###................ .
#........#####........†......
..###.......##...##..#..#...†...#


You could see a gnoll sergeant, a gnoll bouda, 2 gnolls and a friendly white imp
(summoned).

Vanquished Creatures
  A water moccasin (D:4)
  2 ogres (D:6)
  A wolf (D:6)
  6 scorpions
  2 jellies (D:5)
  3 hounds
  A bombardier beetle (D:3)
  2 orc priests
  2 gnoll boudas
  2 iguanas (D:5)
  5 orc wizards
  20 gnolls
  4 adders
  2 ufetubi (D:6)
  2 dart slugs
  3 ribbon worms
  20 orcs
  3 ball pythons
  4 bats
  4 endoplasms
  2 giant cockroaches (D:4)
  7 goblins
  3 hobgoblins
  A jackal (D:6)
  3 quokkas (D:3)
  2 frilled lizards (D:1)
  9 kobolds
  7 rats
123 creatures vanquished.

Vanquished Creatures (collateral kills)
  A gnoll (D:6)
1 creature vanquished.

Grand Total: 124 creatures vanquished

Notes
Turn   | Place    | Note
-------+----------+-------------------------------------------
     0 | D:1      | grandjackal the Demonspawn Gladiator began the quest for
                  | the Orb.
     0 | D:1      | Reached XP level 1. HP: 16/16 MP: 1/1
   219 | D:1      | Gained mutation: You have a pair of small antennae on your
                  | head. [demonic ancestry]
   219 | D:1      | Reached XP level 2. HP: 22/22 MP: 2/2
   809 | D:2      | Gained mutation: A weak demonic guardian rushes to your
                  | aid. [demonic ancestry]
   809 | D:2      | Reached XP level 3. HP: 16/28 MP: 3/3
   814 | D:2      | Reached skill level 1 in Armour
   956 | D:2      | Reached XP level 4. HP: 34/35 MP: 4/4
  1138 | D:2      | Found a broken altar of Ashenzari.
  1493 | D:3      | Found a faded altar of an unknown god.
  1501 | D:3      | Got Plato's Precepts of Thunder
  1536 | D:3      | Identified the ring of Duhoyrr {rN++ SInv}
  1730 | D:3      | Gained mutation: You have an unusually large brain. (Int
                  | +2) [demonic ancestry]
  1730 | D:3      | Reached XP level 5. HP: 41/41 MP: 5/5
  1747 | D:3      | Found a sacrificial altar of Ru.
  2299 | D:4      | Found a staircase to the Ecumenical Temple.
  2313 | Temple   | Entered the Ecumenical Temple
  2373 | Temple   | Became a worshipper of Kikubaaqudgha
  2447 | D:4      | Gained mutation: Spells you cast may paralyse adjacent
                  | enemies. [demonic ancestry]
  2447 | D:4      | Reached XP level 6. HP: 32/48 MP: 6/6
  2831 | D:4      | Reached skill level 1 in Necromancy
  3066 | D:5      | Entered Level 5 of the Dungeon
  3148 | D:5      | Noticed a water moccasin
  3215 | D:4      | Killed a water moccasin
  3216 | D:4      | Gained mutation: You have a pair of antennae on your head.
                  | [demonic ancestry]
  3216 | D:4      | Reached XP level 7. HP: 7/55 MP: 7/7
  3292 | D:5      | Reached * piety under Kikubaaqudgha
  3292 | D:5      | Received a gift from Kikubaaqudgha
  3302 | D:4      | Learned a level 1 spell: Kiss of Death
  3356 | D:5      | Reached skill level 5 in Fighting
  3356 | D:5      | Reached skill level 5 in Axes
  3396 | D:5      | Gained mutation: Spells you cast may paralyse nearby
                  | enemies. [demonic ancestry]
  3396 | D:5      | Reached XP level 8. HP: 53/63 MP: 8/8
  3816 | D:6      | Found Loschac's Antique Weapon Shoppe.
  3818 | D:6      | Found Inutuos's Assorted Antiques.
  3874 | D:6      | Bought a scroll labelled YBLOAB RUANKO for 30 gold pieces
  3874 | D:6      | Bought a scroll labelled BOZXOI ZABOGA for 30 gold pieces
  3874 | D:6      | Bought a scroll labelled EHIRYS BUOT for 30 gold pieces
  3981 | D:6      | Reached skill level 5 in Necromancy
  3988 | D:6      | Found Ilanef's Magic Scroll Shop.
  3991 | D:6      | Bought a scroll of blinking for 105 gold pieces
  3991 | D:6      | Bought a scroll of vulnerability for 56 gold pieces
  3991 | D:6      | Bought a scroll of teleportation for 42 gold pieces
  4190 | D:6      | Slain by a gnoll sergeant

Illustrated notes

Levels and vault maps discovered:
D:1:      co_arrival_square_in_a_square_in_a_square, layout_basic
D:2:      cheibrodos_pilgrimage, layout_rooms, basic_altar, serial_bayou_pond_d
D:3:      layout_basic, mainiacjoe_overflow_tiny_flanked,
          shapermc_ecumenical_altar_rom_forum, chequers_big_river
D:4:      layout_basic, minmay_temple_entry_junction_2, corexii_hall_statues_s,
          dreamdust_princess_bridge
D:5:      layout_rooms, kennysheep_generic_room_10
D:6:      layout_cave_pools, serial_shops, kennysheep_mini_moat,
          nicolae_shop_pleasant_corner_grove, shop, shop, serial_gnoll_camp,
          gnoll_camp_huts_moat, gnoll_camp_mini_hut, gnoll_camp_mini_house,
          gnoll_camp_mini_shop, gnoll_camp_mini_loothouse
Temple:   nicolae_temple_elliptical

Skill      XL: |  1  2  3  4  5  6  7  8 |
---------------+-------------------------+-----
Throwing       | 2 |  2.0
Dodging        | 3 |  3.0
Axes           | 3 4 5 6 |  6.2
Armour         | 1 2 3 |  3.5
Fighting       | 3 4 5 6 |  6.5
Necromancy     | 2 3 5 |  5.4

Action                     |  1- 3 |  4- 6 |  7- 9 || total
---------------------------+-------+-------+-------++-------
  Melee: Hand axe          |    49 |   147 |   110 ||   306
   Cast: Kiss of Death     |       |       |     1 ||     1
  Evoke: Wand              |       |       |    14 ||    14
    Use: Potion            |       |       |     1 ||     1
   Stab: Distracted        |       |     1 |       ||     1
         Paralysed         |       |       |     2 ||     2
 Armour: Leather armour    |    10 |       |       ||    10
         Ring mail         |    13 |    94 |   101 ||   208
  Dodge: Dodged            |    18 |    93 |    87 ||   198

Table legend: (Time is in decaauts)
 A = Elapsed time spent in this place.
 B = Non-inter-level travel time spent in this place.
 C = Inter-level travel time spent in this place.
 D = Time resting spent in this place.
 E = Time spent auto-exploring this place.
 F = Levels seen in this place.
 G = Mean time per level.
                   A        B        C        D        E       F      G
               +--------+--------+--------+--------+--------+-----+--------+
         Total |   4237 |   4042 |    195 |    430 |   2596 |   7 |  605.3 |
       Dungeon |   4163 |   3981 |    182 |    430 |   2596 |   6 |  693.8 |
        Temple |     73 |     60 |     13 |      0 |      0 |   1 |   73.0 |
               +--------+--------+--------+--------+--------+-----+--------+

Top non-repeatable levels by time:
     D:4: 1052 daAuts
     D:1: 795 daAuts
     D:2: 700 daAuts
     D:3: 625 daAuts
     D:5: 505 daAuts
     D:6: 484 daAuts
  Temple: 73 daAuts
